 Dungeon Crawl Stone Soup version 0.21.0-3-g78d12a8 (webtiles) character file.

3927 Ignatius881 the Cleaver (level 10, -6/90 HPs)
             Began as a Minotaur Berserker on Jan 9, 2018.
             Was a Priest of Trog.
             Mangled by a two-headed ogre
             ... wielding a +0 giant spiked club
              (19 damage)
             ... on level 8 of the Dungeon.
             The game lasted 00:17:24 (8070 turns).

Ignatius881 the Cleaver (Minotaur Berserker)        Turns: 8070, Time: 00:17:25

Health: -6/90      AC: 10    Str: 23    XL:     10   Next: 1%
Magic:  9/9        EV:  8    Int:  4    God:    Trog [***...]
Gold:   362        SH:  7    Dex: 12    Spells: 9/9 levels left

rFire    . . .     SeeInvis .   r - +0 war axe
rCold    . . .     Gourm    .   h - +0 shield
rNeg     . . .     Faith    .   x - +0 chain mail
rPois    .         Spirit   .   (helmet restricted)
rElec    .         Reflect  .   (no cloak)
rCorr    .         Harm     .   (no gloves)
MR       .....                  (no boots)
Stlth    ..........             (no amulet)
HPRegen  0.25/turn              (no ring)
MPRegen  0.11/turn              (no ring)

@: berserk cooldown, slowed, very slow
A: retaliatory headbutt, horns 2
a: Berserk, Trog's Hand, Burn Spellbooks, Renounce Religion


You were on level 8 of the Dungeon.
You worshipped Trog.
Trog was most pleased with you.
You were very hungry.

You visited 2 branches of the dungeon, and saw 9 of its levels.

You collected 362 gold pieces.

Inventory:

Hand Weapons
 a - a +0 hand axe
 r - a +0 war axe (weapon)
   (You found it on level 5 of the Dungeon)
 A - a +3 quarterstaff of chaos
   (You took it off Crazy Yiuf on level 5 of the Dungeon)
Missiles
 p - a throwing net (quivered) {!f}
Armour
 b - a +0 animal skin
 h - a +0 shield (worn)
   (You found it on level 1 of the Dungeon)
 j - a +0 ring mail
   (You found it on level 1 of the Dungeon)
 w - a +0 pair of boots
   (You found it on level 5 of the Dungeon)
 x - a +0 chain mail (worn)
   (You found it on level 5 of the Dungeon)
 y - a +0 cloak
   (You took it off Crazy Yiuf on level 5 of the Dungeon)
Jewellery
 o - a +5 ring of intelligence
   (You found it on level 3 of the Dungeon)
 q - a +5 ring of evasion {unknown}
   (You found it on level 5 of the Dungeon)
Wands
 n - a wand of polymorph (10)
   (You found it on level 4 of the Dungeon)
Scrolls
 c - a scroll of immolation {!r}
 d - 3 scrolls of remove curse {@r2}
 g - a scroll of fog
 k - 3 scrolls of teleportation {@r4}
 m - a scroll of fear
 u - 2 scrolls of torment {unknown}
 B - a scroll of blinking {unknown}
 D - a scroll of amnesia {unknown}
Potions
 f - 5 potions of curing {@q1}
 i - a potion of ambrosia {unknown}
 l - 2 potions of degeneration {unknown}
 s - a potion of resistance {unknown}
 t - a potion of berserk rage {unknown}
 z - a potion of heal wounds {unknown}
 C - a potion of lignification {unknown}
Comestibles
 e - 9 rations


   Skills:
 + Level 8.6 Fighting
 * Level 11.3 Axes
 + Level 8.1 Armour
 + Level 7.4 Dodging


You had 9 spell levels left.
You didn't know any spells.

Dungeon Overview and Level Annotations

Branches:
Dungeon (7/15)             Temple (1/1) D:4

Altars:
Ashenzari
Cheibriados
Dithmenos
Elyvilon
Fedhas
Gozag
Hepliaklqana
Kikubaaqudgha
Makhleb
Okawaru
Qazlal
Ru
Sif Muna
Trog
Uskayaw
Vehumet
Wu Jian
Xom
Yredelemnul
Zin
The Shining One


Innate Abilities, Weirdness & Mutations

You reflexively headbutt those who attack you in melee.
You have a pair of horns on your head.


Message History

You closely miss the ogre. You headbutt the ogre.
All of the chunks of flesh in your inventory have rotted away.
Your shield and chain mail prevent you from hitting the ogre.
The ogre hits you with a giant club.
A centaur skeleton comes into view.
You hit the ogre. You headbutt the ogre!!
You kill the ogre!
Trog accepts your kill.
You have reached level 10!
You slash the leopard gecko!
You kill the leopard gecko!
Trog accepts your kill.
You are no longer berserk.
You are exhausted.
You feel yourself slow down. The two-headed ogre barely misses you.
You furiously retaliate!
You headbutt the two-headed ogre.
The two-headed ogre completely misses you.
Found 18 gold pieces.
You hit the two-headed ogre.
The two-headed ogre hits you with a giant spiked club!
The two-headed ogre closely misses you.
You slash the two-headed ogre!
The two-headed ogre hits you with a giant spiked club!
* * * LOW HITPOINT WARNING * * *
The two-headed ogre closely misses you.
The centaur skeleton hits you but does no damage.
An orc and an orc warrior come into view.
You are too injured to fight recklessly!
You are too injured to fight recklessly!
You are too injured to fight recklessly!
You are too injured to fight recklessly!
You are too injured to fight recklessly!
You are too injured to fight recklessly!
The orc warrior shouts!
You slice the two-headed ogre!!
Your headbutt misses the two-headed ogre.
You hit the centaur skeleton. The centaur skeleton hits you.
* * * LOW HITPOINT WARNING * * *
The two-headed ogre hits you with a giant spiked club!
* * * LOW HITPOINT WARNING * * *
The two-headed ogre hits you with a giant club.
* * * LOW HITPOINT WARNING * * *
The centaur skeleton hits you but does no damage.
Your shield and chain mail prevent you from hitting the two-headed ogre.
You slash the centaur skeleton!
You block the centaur skeleton's attack.
The two-headed ogre barely misses you.
The two-headed ogre hits you with a giant club!!
You die...

###.....### ##.#
#.........####..#
......##.......#
......#####...## .....##
##..# .....# #..##
.....## ##...###
......### #......#####..
##......##...##)@O......
#...........###Z.......
##..........# #.###.o.#
##.......... ... ...
#.......... .o.# .
##..........#...
..#........$#...
.######....# ..# .# #..


You could see a two-headed ogre, an orc warrior, an orc and a centaur skeleton.

Vanquished Creatures
  A two-headed ogre (D:8)
  The ghost of Ignatius881 the Cleaver, a novice MiBe of Trog (D:6)
  Pikel (D:4)
  The ghost of jazmu the Skirmisher, an amateur OpAK of Lugonu (D:4)
  A hippogriff (D:7)
  A water moccasin (D:7)
  4 sky beasts
  2 centaurs
  2 ogres
  Blork the orc (D:5)
  2 bullfrogs (D:7)
  5 killer bees (D:7)
  3 howler monkeys
  A centaur zombie (D:6)
  2 crimson imps
  5 hounds
  An orc priest (D:6)
  Crazy Yiuf (D:5)
  A bullfrog skeleton (D:5)
  Natasha (twice) (D:4)
  4 worker ants (D:5)
  Robin (D:2)
  7 adders
  A shadow imp (D:7)
  An adder skeleton (D:6)
  2 worms
  3 dart slugs
  8 leopard geckos
  4 orcs (D:6)
  3 ball pythons
  6 giant cockroaches
  10 goblins (D:2)
  12 hobgoblins
  16 jackals
  A quokka (D:3)
  7 bats
  8 frilled lizards
  A jackal skeleton (D:5)
  8 kobolds
  A quokka skeleton (D:4)
  4 rats
146 creatures vanquished.

Vanquished Creatures (others)
  Natasha (D:4)
1 creature vanquished.

Grand Total: 147 creatures vanquished

Notes
Turn   | Place    | Note
-------+----------+-------------------------------------------
     0 | D:1      | Ignatius881 the Minotaur Berserker began the quest for the Orb.
     0 | D:1      | Reached XP level 1. HP: 19/19 MP: 0/0
   238 | D:1      | Reached XP level 2. HP: 25/27 MP: 1/1
   349 | D:1      | Reached skill level 4 in Axes
  1290 | D:2      | Noticed Robin
  1295 | D:2      | Reached XP level 3. HP: 30/33 MP: 2/2
  1304 | D:2      | Killed Robin
  1307 | D:2      | Reached ** piety under Trog
  1520 | D:2      | Found a faded altar of an unknown god.
  1686 | D:2      | Reached XP level 4. HP: 38/40 MP: 3/3
  2152 | D:2      | Reached skill level 5 in Axes
  2259 | D:3      | Found a glowing golden altar of the Shining One.
  2730 | D:3      | Found a basalt altar of Yredelemnul.
  3116 | D:4      | Reached XP level 5. HP: 47/47 MP: 4/4
  3260 | D:4      | Found a staircase to the Ecumenical Temple.
  3270 | Temple   | Entered the Ecumenical Temple
  3521 | D:4      | Noticed Pikel
  3521 | D:4      | Noticed a slave
  3521 | D:4      | Noticed a slave
  3521 | D:4      | Noticed a slave
  3522 | D:4      | Noticed a slave
  3536 | D:4      | Killed Pikel
  3536 | D:4      | Reached skill level 5 in Fighting
  3536 | D:4      | Reached skill level 7 in Axes
  3536 | D:4      | Reached XP level 6. HP: 56/56 MP: 5/5
  3536 | D:4      | Reached XP level 7. HP: 61/61 MP: 6/6
  3590 | D:4      | Noticed Natasha
  3596 | D:4      | Killed Natasha
  3628 | D:4      | Noticed Natasha
  3637 | D:4      | Killed Natasha
  3818 | D:4      | Noticed jazmu's ghost (amateur OpAK)
  3832 | D:4      | Killed jazmu's ghost
  3832 | D:4      | Reached skill level 5 in Armour
  3944 | D:4      | Killed Natasha
  4452 | D:5      | Entered Level 5 of the Dungeon
  4616 | D:5      | Found a shimmering altar of Xom.
  4643 | D:5      | Found a snail-covered altar of Cheibriados.
  4706 | D:5      | Reached skill level 5 in Dodging
  4706 | D:5      | Reached XP level 8. HP: 48/70 MP: 7/7
  4817 | D:5      | Reached skill level 8 in Axes
  5316 | D:5      | Found a sacrificial altar of Ru.
  5669 | D:5      | Noticed Blork the orc
  5675 | D:5      | Killed Blork the orc
  5846 | D:5      | Found a runed door.
  5896 | D:5      | Found a glowing golden altar of the Shining One.
  5953 | D:5      | Noticed Crazy Yiuf
  5958 | D:5      | Killed Crazy Yiuf
  5958 | D:5      | Reached skill level 9 in Axes
  6058 | D:6      | Noticed Ignatius881's ghost (novice MiBe)
  6072 | D:6      | Killed Ignatius881's ghost
  6072 | D:6      | Reached XP level 9. HP: 79/79 MP: 8/8
  6475 | D:6      | Reached skill level 10 in Axes
  7248 | D:7      | Reached *** piety under Trog
  8032 | D:7      | You fall through a shaft!
  8052 | D:8      | Noticed a two-headed ogre
  8059 | D:8      | Noticed a two-headed ogre
  8060 | D:8      | Killed a two-headed ogre
  8060 | D:8      | Reached skill level 11 in Axes
  8064 | D:8      | Reached XP level 10. HP: 82/90 MP: 9/9
  8070 | D:8      | Mangled by a two-headed ogre

Skill      XL: |  1  2  3  4  5  6  7  8  9 |
---------------+----------------------------+-----
Axes           | 4 5 7 9 11 | 11.3
Fighting       | 4 5 6 7 8 |  8.6
Armour         | 3 4 5 6 8 |  8.1
Dodging        | 3 4 5 6 7 |  7.4

Action                   |  1- 3 |  4- 6 |  7- 9 | 10-12 || total
-------------------------+-------+-------+-------+-------++-------
Melee: Hand axe          |    77 |   123 |    31 |       ||   231
       Headbutt          |    14 |    21 |    47 |       ||    82
       War axe           |       |       |   190 |     5 ||   195
Invok: Berserk           |     1 |     1 |    10 |       ||    12
       Trog's Hand       |       |       |     4 |       ||     4
  Use: Scroll            |     2 |     4 |     2 |       ||     8
  Eat: Chunk             |     3 |     6 |    18 |       ||    27
       Ration            |       |       |     2 |       ||     2
Armor: Animal skin       |     8 |       |       |       ||     8
       Ring mail         |    17 |    44 |    24 |       ||    85
       Chain mail        |       |       |    56 |     2 ||    58
Dodge: Dodged            |    34 |    36 |    65 |     5 ||   140
Block: Shield            |    35 |    35 |    77 |     1 ||   148
